 Dungeon Crawl Stone Soup version 0.14.1-26-g5a19342 (webtiles) character file.

181 Kae the Insei (level 4, -2/38 HPs)
             Began as a Naga Transmuter on July 26, 2014.
             Slain by an adder (3 damage)
             ... on Level 3 of the Dungeon.
             The game lasted 00:02:26 (2532 turns).

Kae the Insei (Naga Transmuter)                     Turns: 2532, Time: 00:02:26

HP  -2/38        AC  2     Str 12      XL: 4   Next: 42%
MP   7/7         EV 10     Int 14      God:
Gold 100         SH  0     Dex 12      Spells:  1 memorised,  6 levels left

rFire  . . .     SeeInvis +       - Unarmed
rCold  . . .     Clarity  .     c - +0 robe
rNeg   . . .     Conserve .     (no shield)
rPois  +         rCorr    .     (helmet restricted)
rElec  .         rRot     .     (no cloak)
SustAb . .       Spirit   .     (no gloves)
rMut   .         Warding  .     (no barding)
Saprov . . .     Stasis   .     (no amulet)
MR     .....                    (no ring)
                                (no ring)

@: appendage (expiring), very slow, not resistant to hostile enchantments,
unstealthy
A: spit poison, horns 2, see invisible, deformed body, poison resistance,
slowness 2, AC +1
a: Spit Poison, End Transformation


You were on level 3 of the Dungeon.
You were not hungry.
You had grown temporary horns.
You visited 1 branch of the dungeon, and saw 3 of its levels.

You collected 100 gold pieces.

Inventory:

Missiles
 b - 12 arrows
Armour
 c - a +0 robe (worn)
Comestibles
 a - 4 bread rations
 t - a choko
Scrolls
 f - a scroll of immolation {unknown}
 g - a scroll of amnesia {unknown}
 h - 3 scrolls of enchant weapon II {unknown}
 i - 3 scrolls of identify {unknown}
 j - a scroll of remove curse {unknown}
 m - a scroll of magic mapping {unknown}
 o - 2 scrolls of fog {unknown}
Jewellery
 n - an uncursed ring of protection from cold {unknown}
 r - an uncursed amulet of rage {unknown}
Potions
 k - a potion of mutation {unknown}
 l - a potion of beneficial mutation {unknown}
 p - a potion of lignification {unknown}
 s - a potion of degeneration {unknown}
Books
 d - a book of Changes

   Spells                             Type                      Level
   *Beastly Appendage                 Transmutation                1
   Sticks to Snakes                   Transmutation                2
   Spider Form                        Transmutation/Poison         3
   Ice Form                           Ice/Transmutation            4
   Blade Hands                        Transmutation                5


   Skills:
 - Level 1.0 Fighting
 - Level 1.5 Dodging
 * Level 4.4 Unarmed Combat
 - Level 2.0 Spellcasting
 + Level 3.1 Transmutations


You had 6 spell levels left.
You knew the following spells:

 Your Spells              Type           Power        Failure   Level  Hunger
a - Beastly Appendage     Trmt           ##....       10%         1    ##.....


Dungeon Overview and Level Annotations

Branches:
Dungeon (3/15)

Altars:
Makhleb


Innate Abilities, Weirdness & Mutations

You cannot wear boots.
You can spit poison.
Your serpentine skin is tough (AC +1).
You have supernaturally acute eyesight.
Armour fits poorly on your strangely shaped body.
Your system is resistant to poisons.
You cover ground very slowly.
You have a pair of horns on your head.


Message History

You feel sick. The adder bites you.
* * * LOW HITPOINT WARNING * * *
The giant cockroach waves its antennae.
You hit the adder but do no damage. You headbutt the adder!
The adder is severely wounded.
The adder bites you.
* * * LOW HITPOINT WARNING * * *
Drink which item? (? for menu, Esc to quit)
You feel better.
It was a potion of curing.
The adder bites you.
* * * LOW HITPOINT WARNING * * *
You hit the adder.
The adder is almost dead.
The adder bites you.
* * * LOW HITPOINT WARNING * * *
The adder bites you.
* * * LOW HITPOINT WARNING * * *
You barely miss the adder.
The adder is almost dead.
The adder bites you.
You die...

#.. #.. #.. #.. #.#
.. .#.# .##.#.#
#s....# # #S# ..#.#
#####.#@###.#.###
...................
......#.#...#.###
$.....#.#.....#
..... #.#.#.###
.... #.#.#.# ##
#.#.#.# #...#.####
#####.##.#


You could see an adder and a giant cockroach.

Vanquished Creatures
  4 adders
  A giant mite (D:2)
  2 oozes
  7 bats
  A giant cockroach (D:2)
  2 hobgoblins (D:2)
  2 jackals
  5 kobolds
  2 quokkas (D:2)
  3 giant newts
  5 goblins
  7 rats
41 creatures vanquished.

Notes
Turn   | Place    | Note
--------------------------------------------------------------
     0 | D:1      | Kae, the Naga Transmuter, began the quest for the Orb.
     0 | D:1      | Reached XP level 1. HP: 18/18 MP: 3/3
   489 | D:1      | Reached XP level 2. HP: 19/25 MP: 2/4
  1132 | D:2      | Reached XP level 3. HP: 21/31 MP: 4/6
  1546 | D:2      | Reached skill level 4 in Unarmed Combat
  1681 | D:2      | Found a burning altar of Makhleb.
  1934 | D:2      | Reached XP level 4. HP: 23/38 MP: 5/7
  2531 | D:3      | HP: 1/38 [adder (4)]
  2532 | D:3      | Slain by an adder

Action                   |  1- 3 |  4- 6 || total
-------------------------+-------+-------++-------
Melee: Unarmed           |   150 |    51 ||   201
 Cast: Beastly Appendage |    16 |     3 ||    19
  Use: Potion            |       |     1 ||     1
